 Dungeon Crawl Stone Soup version 0.27-a0-1456-gf5a116941d (webtiles) character file.

Game seed: 13517320153596814552

114459 Sobieck the Bludgeoner (level 16, -32/123 HPs)
             Began as a Demonspawn Gladiator on July 6, 2021.
             Was the Champion of Okawaru.
             Killed from afar by Nikola (73 damage)
             ... with an arc of chain lightning
             ... on level 1 of the Spider Nest.
             The game lasted 01:22:00 (35698 turns).

Sobieck the Bludgeoner (Demonspawn Gladiator)      Turns: 35698, Time: 01:22:00

Health: -32/123    AC: 39    Str: 26    XL:     16   Next: 16%
Magic:  23/23      EV: 15    Int: 11    God:    Okawaru [******]
Gold:   2530       SH: 22    Dex: 22    Spells: 15/15 levels left

rFire    + . .     SeeInvis .   a - +9 morningstar "Pon Jico" {speed, rF+, mace}
rCold    + . .     Faith    .   A - +3 kite shield {AC+3}
rNeg     + . .     Spirit   .   D - +8 chain mail of the Bard {rN+ rCorr}
rPois    +         Reflect  +   c - +2 helmet
rElec    .         Harm     .   E - +2 cloak
rCorr    +         Rampage  .   y - +2 pair of gloves {Dex+3}
Will     ++...                  K - +2 pair of boots {Fly}
Stlth    ..........             h - amulet of the Marlin {Reflect Will+ SH+5}
HPRegen  0.30/turn              L - ring "Jiwuerucs" {rPois rC+ Str+7 Dex+3}
MPRegen  0.18/turn              v - +4 ring of slaying

@: flying
A: talons 2, sharp scales 3, demonic magic 1
a: Renounce Religion, Heroism, Finesse


You were on level 1 of the Spider Nest.
You worshipped Okawaru.
Okawaru was exalted by your worship.
You visited 5 branches of the dungeon, and saw 26 of its levels.
You also visited: Bailey.

You collected 6700 gold pieces.
You spent 4170 gold pieces at shops.


Innate Abilities, Weirdness & Mutations

You have razor-sharp toenails.
You are completely covered in razor-sharp scales. (AC +3, Slay +3)
Spells you cast may paralyse adjacent enemies.


   Skills:
 + Level 10.5 Fighting
 - Level 16.0 Maces & Flails
 - Level 1.7 Throwing
 + Level 9.6 Armour
 + Level 10.0 Dodging
 * Level 12.5 Shields
 - Level 10.0 Invocations


You had 15 spell levels left.
You didn't know any spells.
Your spell library contained the following spells:

 Spells                   Type           Power      Damage    Failure   Level
 Beastly Appendage        Tmut           0%         N/A       93%         1
 Shock                    Conj/Air       0%         1d3       93%         1
 Summon Small Mammal      Summ           0%         N/A       93%         1
 Blink                    Tloc           N/A        N/A       98%         2
 Static Discharge         Conj/Air       0%         N/A       98%         2
 Wereblood                Tmut           0%         N/A       98%         2
 Call Canine Familiar     Summ           0%         N/A       100%        3
 Ignite Poison            Fire/Tmut/Pois 0%         N/A       100%        3
 Mephitic Cloud           Conj/Pois/Air  0%         N/A       100%        3
 Ozocubu's Armour         Ice            0%         N/A       100%        3
 Spider Form              Tmut/Pois      0%         N/A       100%        3
 Summon Guardian Golem    Hex/Summ       0%         N/A       100%        3
 Swiftness                Air            0%         N/A       100%        3
 Airstrike                Air            0%         N/A       100%        4
 Cause Fear               Hex            0%         N/A       100%        4
 Hailstorm                Conj/Ice       0%         3d3       100%        4
 Ice Form                 Ice/Tmut       0%         N/A       100%        4
 Passage of Golubria      Tloc           N/A        N/A       100%        4
 Petrify                  Tmut/Erth      0%         N/A       100%        4
 Blade Hands              Tmut           0%         N/A       100%        5
 Bolt of Magma            Conj/Fire/Erth 0%         4d4       100%        5
 Fireball                 Conj/Fire      0%         3d3       100%        5
 Freezing Cloud           Conj/Ice/Air   0%         6-21      100%        5
 Irradiate                Conj/Tmut      0%         3d13      100%        5
 Lee's Rapid Deconstruct  Erth           0%         3d5*      100%        5
 Lightning Bolt           Conj/Air       0%         1d11      100%        5
 Manifold Assault         Tloc           0%         N/A       100%        5
 Metabolic Englaciation   Hex/Ice        0%         N/A       100%        5
 Silence                  Hex/Air        0%         N/A       100%        5
 Summon Forest            Summ/Tloc      0%         N/A       100%        5
 Summon Mana Viper        Hex/Summ       0%         N/A       100%        5
 Shadow Creatures         Summ           N/A        N/A       100%        6
 Simulacrum               Ice/Necr       0%         N/A       100%        6
 Starburst                Conj/Fire      0%         8x6d3     100%        6
 Statue Form              Tmut/Erth      0%         N/A       100%        6
 Dragon Form              Tmut           0%         N/A       100%        7
 Storm Form               Tmut/Air       0%         N/A       100%        7
 Ignition                 Fire           0%         3d3       100%        8
 Lehudib's Crystal Spear  Conj/Erth      0%         10d2      100%        8
 Maxwell's Capacitive Co  Air            0%         ∞         100%        8
 Necromutation            Tmut/Necr      0%         N/A       100%        8
 Dragon's Call            Summ           0%         N/A       100%        9
 Polar Vortex             Ice            0%         N/A       100%        9

Inventory:

Hand Weapons
 a - the +9 morningstar "Pon Jico" (weapon) {speed, rF+, mace}
   (You bought it in a shop on level 5 of the Dungeon)

   Attacks with this weapon are significantly faster.
   rF:        It protects you from fire.
 b - a +2 hand crossbow of flaming {crossbow}
   (Okawaru gifted it to you on level 1 of the Spider Nest)
 p - the +10 morningstar of Aqosekyc {elec, rElec SInv, mace}
   (Okawaru gifted it to you on level 1 of the Lair of Beasts)

   Occasionally, upon striking a foe, it can discharge electrical energy and
   cause terrible harm.
   rElec:     It insulates you from electricity.
   SInv:      It lets you see invisible.
Missiles
 d - 6 throwing nets {=f!fthrowing}
 e - 27 stones {throwing}
 o - 8 atropa-tipped darts {throwing}
 u - 4 javelins {throwing}
 x - 86 poisoned darts (quivered) {throwing}
 J - 305 bolts
 M - 7 curare-tipped darts {=fthrowing}
 O - 34 boomerangs {throwing}
Armour
 c - a +2 helmet (worn)
 y - a +2 pair of gloves of dexterity (worn)
   (Okawaru gifted it to you on level 3 of the Lair of Beasts)
 A - a +3 kite shield of protection (worn)
   (You took it off a tengu warrior on level 14 of the Dungeon)
 D - the +8 chain mail of the Bard (worn) {rN+ rCorr}
   (You bought it in a shop on level 5 of the Dungeon)

   rN:        It protects you from negative energy.
   rCorr:     It protects you from acid and corrosion.
 E - a +2 cloak (worn)
   (You found it on level 5 of the Dungeon)
 K - a +2 pair of boots of flying (worn)
   (Okawaru gifted it to you on level 4 of the Lair of Beasts)
Jewellery
 h - the amulet of the Marlin (around neck) {Reflect Will+ SH+5}
   (You bought it in a shop on level 4 of the Dungeon)

   [amulet of reflection]

   It reflects blocked missile attacks.
   SH:        It affects your SH (+5).
   Will:      It increases your willpower.
 q - a ring of see invisible
   (You found it on level 2 of the Dungeon)
 s - a +4 ring of evasion
   (You found it on level 1 of the Spider Nest)
 v - a +4 ring of slaying (right hand)
   (You bought it in a shop on level 8 of the Dungeon)
 C - a ring of protection from fire
   (You found it on level 10 of the Dungeon)
 L - the ring "Jiwuerucs" (left hand) {rPois rC+ Str+7 Dex+3}
   (You bought it in a shop on level 8 of the Dungeon)

   [ring of poison resistance]

   Str:       It affects your strength (+7).
   Dex:       It affects your dexterity (+3).
   rC:        It protects you from cold.
   rPois:     It protects you from poison.
Wands
 H - a wand of digging (9)
   (You found it on level 4 of the Lair of Beasts)
 P - a wand of acid (9)
   (You found it on level 9 of the Dungeon)
 T - a wand of iceblast (29)
   (You found it on level 7 of the Dungeon)
Scrolls
 f - 2 scrolls of brand weapon
 i - 13 scrolls of teleportation {@r4}
 j - 2 scrolls of vulnerability {!r!r}
 n - 7 scrolls of noise {!r}
 N - a scroll of fear
 Q - 2 scrolls of fog
 S - 3 scrolls of immolation {!r!r}
 V - a scroll of holy word {!r}
 W - 3 scrolls of identify {@r1}
 Y - 2 scrolls of blinking {!r}
 Z - a scroll of summoning
Potions
 g - 6 potions of lignification {!q}
 k - 2 potions of mutation {!q}
 l - a potion of heal wounds {@q2}
 m - 4 potions of haste {@q3}
 t - a potion of resistance
 w - 8 potions of curing {@q1}
 z - a potion of magic
 F - 3 potions of invisibility
 G - 6 potions of berserk rage {!q}
 I - 4 potions of might
 R - 12 potions of ambrosia
Miscellaneous
 r - a phantom mirror
   (You found it on level 1 of the Spider Nest)
 X - a box of beasts
   (You found it on level 10 of the Dungeon)

Dungeon Overview and Level Annotations

Branches:
Dungeon (15/15)            Temple (1/1) D:4            Lair (6/6) D:10
 Shoals (0/4) Lair:3       Spider (2/4) Lair:4        Slime (0/5) Lair:6
    Orc (2/2) D:10            Elf (0/3) Orc:2        Vaults (0/5) D:14
 Depths (0/5) D:15         Bailey (visited)

Altars:
Ashenzari
Cheibriados
Dithmenos
Elyvilon
Fedhas
Gozag
Hepliaklqana
Kikubaaqudgha
Makhleb
Nemelex Xobeh
Okawaru
Qazlal
Ru
Sif Muna
Trog
Uskayaw
Vehumet
Wu Jian
Xom
Yredelemnul
Zin
The Shining One
Jiyva

Shops:
D:4 =   D:5 **   D:6 ?   D:7 *   D:8 =[=*   D:11 [   Orc:2 :[*((

Annotations:
D:7 2 transporters, wesbby's ghost, novice HuBe
D:10 exclusion: downstairs
Spider:1 Nikola

. ##. ## ##.##.......
..#..##. #####......
#....... ###..## #...##
####### #..## #..####
##.....####.##.
#.@.#.###
#..†.....####^.
#[....#.###.)####.###
###
#..#..#..#..†.##.##..##
#..#####†@(.###?#.#...##
##..
###††#..####.#....## #..
#.s.#####.###..|...#
#.#...#..#
#.#.#....#..##
....#....#
####.........# ..#
...### #.^##(###..#.. .
..#. #...###..### ....#
##.#.#...# # ..# .
#...##..## #


You could see Nikola and an orb spider.


Message History

You impale the wolf spider!! You closely miss the wolf spider.
You block the tarantella's attack. The wolf spider hits you.
The wolf spider bites you!
You are poisoned.
The wolf spider poisons you! 😕 HP[-15]
You take 15 damage, and now have 108/123 hp.
You bludgeon the wolf spider!!
You kill the wolf spider!
Okawaru accepts your kill.
You feel very sick.
You block the tarantella's attack. 😕 HP[-4]
You take 4 damage, and now have 104/123 hp.
You puncture the tarantella!
You feel very sick.
The tarantella barely misses you. 😕 HP[-3]
You take 3 damage, and now have 101/123 hp.
You impale the tarantella!!
You kill the tarantella!
Okawaru accepts your kill.
You feel very sick. 😕 HP[-3]
You take 3 damage, and now have 98/123 hp.
You feel very sick.
You see here a redback corpse. 😕 HP[-3]
You take 3 damage, and now have 95/123 hp.
You feel very sick. 😮 HP[-3]
You take 3 damage, and now have 92/123 hp.
You are too injured to fight recklessly!
You are too injured to fight recklessly!
You are too injured to fight recklessly!
Unknown command.
You feel sick.
You see here a redback corpse. 😮 HP[-2]
You take 2 damage, and now have 90/123 hp.
You feel sick.
The orb spider weaves a glowing orb of energy.
An orb of destruction comes into view. 😮 HP[-2]
You take 2 damage, and now have 88/123 hp.
You feel sick.
You see here a bolt. 😮 HP[-1]
You take 1 damage, and now have 87/123 hp.
You feel sick. 😮 HP[-1]
You take 1 damage, and now have 86/123 hp.
An orb of destruction is nearby!
You feel sick.
The orb of destruction hits a rock wall. 😮 HP[-1]
You take 1 damage, and now have 85/123 hp.
You feel sick.
The orb spider pulsates with a strange energy.
You feel sick. 😮 HP[-1]
You take 1 damage, and now have 84/123 hp.
You feel sick.
You see here a bolt. 😮 HP[-1]
You take 1 damage, and now have 83/123 hp.
You feel sick.
You are no longer poisoned. 😮 HP[+1]
The orb spider weaves a glowing orb of energy.
An orb of destruction comes into view.
The orb of destruction reflects off an invisible shield around you!
You puncture the orb spider! 😮 HP[+1]
The orb of destruction reflects off an invisible shield around you!
The orb spider spins a strand of pure energy.
You barely miss the orb spider.
The orb of destruction hits a rock wall.
You hit the orb spider but do no damage.
You sock the orb spider!
Nikola the Mad Inventor comes into view.
He is wielding a +2 rapier of electrocution and wearing a +1 cloak of willpower.
Nikola shouts!
Nikola mumbles, "Hm, I wonder if you're conductive." 😮 HP[+1]
The orb spider weaves a glowing orb of energy.
The orb of destruction hits a rock wall.
You closely miss the orb spider.
You impale the orb spider!! 😮 HP[+1] Nikola casts a spell.
Lightning arcs from Nikola's hands!
The bolt of lightning hits you!!!
* * * LOW HITPOINT WARNING * * *
You see here a redback corpse. 😨 HP[-47]
You take 47 damage, and now have 40/123 hp.
MASSIVE DAMAGE!! (PAUSE) Nikola gestures wildly while chanting.
Lightning arcs from Nikola's hands!
The bolt of lightning hits you!!!!
Ouch! That really hurt!
You die...

Skill      XL: |  1  2  3  4  5  6  7  8  9 10 11 12 13 14 15 16 |
---------------+-------------------------------------------------+-----
Maces & Flails | 3 4 5 6 7 9 11 13 15 16 | 16.0
Shields        | 2 3 4 5 8 10 12 | 12.5
Invocations    | 3 6 9 10 | 10.0
Armour         | 4 6 8 9 |  9.6
Dodging        | 5 7 8 9 10 | 10.0
Fighting       | 5 7 9 10 | 10.5
Throwing       | |  1.7

Action                   |  1- 3 |  4- 6 |  7- 9 | 10-12 | 13-15 | 16-18 || total
-------------------------+-------+-------+-------+-------+-------+-------++-------
Melee: Flail             |    95 |    85 |   162 |       |       |       ||   342
       Kick              |    19 |    22 |    78 |       |       |       ||   119
       Morningstar       |       |       |   113 |   830 |  1315 |    97 ||  2355
 Fire: Hunting sling     |    27 |    59 |   108 |   160 |     8 |       ||   362
       Fustibalus        |       |       |       |       |   210 |       ||   210
       Hand crossbow     |       |       |       |       |       |    12 ||    12
Throw: Dart              |       |       |     1 |     6 |     2 |       ||     9
Invok: Heroism           |       |       |     7 |    17 |     9 |       ||    33
       Finesse           |       |       |       |     4 |     5 |       ||     9
  Use: Scroll            |       |    10 |    14 |     9 |     9 |     2 ||    44
       Potion            |       |       |       |     4 |       |       ||     4
 Stab: Sleeping          |     1 |       |       |       |     1 |       ||     2
Armor: Leather armour    |    37 |    18 |       |       |       |       ||    55
       Scale mail        |       |       |    97 |       |       |       ||    97
       Acid dragon scale |       |       |       |   177 |       |       ||   177
       Troll leather arm |       |       |       |   151 |    63 |       ||   214
       Chain mail        |       |       |       |       |   215 |    17 ||   232
Dodge: Dodged            |    93 |    47 |   119 |   448 |   315 |    30 ||  1052
Block: Buckler           |     7 |    21 |    62 |   187 |       |       ||   277
       Kite shield       |       |       |       |    49 |   879 |    77 ||  1005
       Reflection        |       |       |       |     1 |    41 |       ||    42

Levels and vault maps discovered:
D:1:      minmay_arrival_pointy, layout_basic, minmay_circled_x
D:2:      layout_basic, dilly_ecumenical_altar_fadedgnrine
D:3:      layout_loops_cross
D:4:      layout_loops_ring, minmay_temple_entry_tees, serial_shops,
          nicolae_shop_stone, minmay_misc_feat_iff
D:5:      layout_basic, nicolae_specific_store, minmay_fire_ice_demons,
          uniq_eustachio, uniq_grinder
D:6:      layout_basic, amcnicky_altar_gilded, serial_shops,
          kennysheep_little_box
D:7:      layout_layer_cave, gammafunk_ghost_mausoleum, nicolae_island_escapes
D:8:      layout_loops_ring, serial_shops, nicolae_shop_behind_doors, shop,
          kennysheep_mini, nicolae_shop_crystal, lightli_minifort
D:9:      minmay_skewed_foursquare, layout_irregular_city,
          minmay_chambers_of_fives
D:10:     layout_small_grid, due_lair_maze_entry_diamond, orc_0_dummy
D:11:     layout_cave_pools, serial_shops, shop_fountains,
          kennysheep_generic_room_6
D:12:     layout_irregular_city, uniq_maurice, uniq_rupert
D:13:     layout_roguey, special_room [special_room_bee], serial_aquarium,
          aquarium_bridge_square [aquarium_subvault_balcony,
          aquarium_subvault_bridge, aquarium_subvault_bridge,
          aquarium_subvault_bridge], aquarium_bridge_square
          [aquarium_subvault_wall, aquarium_subvault_bridge,
          aquarium_subvault_wall, aquarium_subvault_bridge],
          aquarium_window_fake, aquarium_window_1, aquarium_view_4,
          aquarium_view_2c, enter_bailey_5
D:14:     layout_loops_ring, hangedman_vaults_entry_quadrant_bands,
          nicolae_elyvilon_peaceful_grove
D:15:     grunt_enter_depths_snipers, layout_loops_ring
Temple:   kilobyte_greek_temple
Lair:1:   layout_concentric_octagons, special_room, lemuel_centaur_altar,
          serial_bayou_shore_b, serial_bayou_shore_a, grunt_megastairs_2,
          infiniplex_staircase_pool_2, uniq_grum
Lair:2:   layout_regular_city, grunt_megastairs_4
Lair:3:   layout_chaotic_city, elwin_shoals_entry_stream, grunt_megastairs_5
Lair:4:   nzn_winding_woodlands_large [nzn_winding_woodlands_5x5_open_star,
          nzn_winding_woodlands_5x15_river_crossing,
          nzn_winding_woodlands_5x5_perimeter,
          nzn_winding_woodlands_center_lodge,
          nzn_winding_woodlands_15x15_eel_pit,
          nzn_winding_woodlands_center_garden, nzn_winding_woodlands_5x5_cross,
          nzn_winding_woodlands_5x15_split_checker,
          nzn_winding_woodlands_hourglass], layout_regular_city,
          nicolae_spider_entry_non_spiders, gammafunk_lair_bear_cave
Lair:5:   layout_cellular_growth, chequers_serial_rivers_micro_c,
          grunt_megastairs_1
Lair:6:   minmay_lair_end_frog_pond, layout_long_grid, slime_altar_1
Spider:1: layout_spider_delve, nicolae_spider_wall_of_niches, uniq_nikola
Spider:2: layout_spider_delve, drop_trap, guppyfry_spider_mini_3
Orc:1:    cheibrodos_orc_bank, layout_caves, uniq_nergalle, uniq_erica
Orc:2:    grunt_orc_gardens, layout_diamond_mine, grunt_orc_garden,
          grunt_orc_garden, grunt_orc_garden, grunt_orc_garden, serial_shops,
          shop

Notes
Turn   | Place    | Note
-------+----------+-------------------------------------------
     0 | D:1      | Sobieck the Demonspawn Gladiator began the quest for the
                  | Orb.
     0 | D:1      | Reached XP level 1. HP: 16/16 MP: 1/1
     0 | D:1      | magus.rc [v1.9.6]
    67 | D:1      | Reached skill level 3 in Maces & Flails
   225 | D:1      | Gained mutation: You have sharp toenails. [demonic
                  | ancestry]
   225 | D:1      | Reached XP level 2. HP: 22/22 MP: 2/2
   477 | D:1      | Reached XP level 3. HP: 27/27 MP: 3/3
   667 | D:2      | Reached skill level 4 in Maces & Flails
  1501 | D:2      | You add the spells Blink, Manifold Assault and Storm Form
                  | to your library.
  1664 | D:2      | Found a faded altar of an unknown god.
  1698 | D:2      | Reached XP level 4. HP: 29/30 MP: 4/4
  1774 | D:2      | Reached skill level 1 in Shields
  1956 | D:3      | Noticed a necrophage
  1974 | D:3      | HP: 7/30 [necrophage (3)]
  1975 | D:3      | HP: 2/29 [necrophage (3)]
  1976 | D:3      | Killed a necrophage
  1977 | D:3      | Reached skill level 2 in Shields
  1977 | D:3      | Reached XP level 5. HP: 3/38 MP: 5/5
  2274 | D:3      | Reached skill level 5 in Maces & Flails
  3166 | D:3      | You pick up a book of Lightning and begin reading...
  3166 | D:3      | You add the spells Static Discharge, Lightning Bolt and
                  | Maxwell's Capacitive Coupling to your library.
  3407 | D:4      | Reached XP level 6. HP: 40/44 MP: 6/6
  3443 | D:4      | Reached skill level 3 in Shields
  3539 | D:4      | Found Atsiguz's Jewellery Shoppe.
  3555 | D:4      | Found a staircase to the Ecumenical Temple.
  3569 | Temple   | Entered the Ecumenical Temple
  3675 | Temple   | Became a worshipper of Warmaster Okawaru
  4031 | D:4      | Reached skill level 6 in Maces & Flails
  4031 | D:4      | Reached XP level 7. HP: 23/50 MP: 7/7
  4034 | D:4      | Reached skill level 4 in Shields
  4249 | D:5      | Entered Level 5 of the Dungeon
  4431 | D:5      | Reached * piety under Okawaru
  4671 | D:4      | Reached skill level 1 in Invocations
  5015 | D:5      | Reached skill level 2 in Invocations
  5135 | D:5      | Reached skill level 7 in Maces & Flails
  5135 | D:5      | Reached skill level 3 in Invocations
  5436 | D:5      | You pick up a book of Air and begin reading...
  5436 | D:5      | You add the spells Shock, Swiftness and Airstrike to your
                  | library.
  5506 | D:5      | Reached XP level 8. HP: 56/56 MP: 10/10
  5538 | D:5      | Found Goqi's Specific Store.
  5548 | D:5      | Found Arihemuf's General Store.
  5816 | D:5      | Reached skill level 4 in Invocations
  6351 | D:5      | Noticed Eustachio
  6373 | D:5      | Reached skill level 8 in Maces & Flails
  6509 | D:5      | Noticed Grinder
  6580 | D:5      | Paralysed by Grinder for 3 turns
  6596 | D:4      | Killed Grinder
  6597 | D:4      | Reached skill level 5 in Invocations
  6771 | D:5      | You pick up a book of the Dragon and begin reading...
  6771 | D:5      | You add the spells Cause Fear, Dragon Form and Dragon's
                  | Call to your library.
  6822 | D:5      | Reached ** piety under Okawaru
  6940 | D:5      | Killed Eustachio
  6941 | D:5      | Reached skill level 6 in Invocations
  7200 | D:6      | Reached skill level 9 in Maces & Flails
  7252 | D:7      | Gained mutation: You are partially covered in razor-sharp
                  | scales. (AC +1, Slay +1) [demonic ancestry]
  7252 | D:7      | Reached XP level 9. HP: 61/61 MP: 13/13
  7497 | D:6      | Found a shadowy altar of Dithmenos.
  7591 | D:6      | Found Fiwkiopp's Magic Scroll Shop.
  7705 | D:6      | Reached skill level 7 in Invocations
  8016 | D:6      | Identified the +5 hand axe "Embalmer" {freeze, *Noise
                  | Will+++}
  8400 | D:7      | Found a transporter.
  8621 | D:7      | Found a transporter.
  8718 | D:7      | Noticed wesbby's ghost (novice HuBe)
  8812 | D:7      | Reached skill level 10 in Maces & Flails
  8943 | D:7      | Reached *** piety under Okawaru
  8948 | D:7      | Reached skill level 8 in Invocations
  9190 | D:7      | Found Visunosyet's Island Escapes.
  9933 | D:7      | You are sucked into a shaft and drop 1 floor!
  9967 | D:8      | Found Naph's Jewellery Shop.
 10575 | D:8      | Reached skill level 9 in Invocations
 10883 | D:8      | Reached skill level 11 in Maces & Flails
 10883 | D:8      | Gained mutation: You are mostly covered in razor-sharp
                  | scales. (AC +2, Slay +2) [demonic ancestry]
 10883 | D:8      | Reached XP level 10. HP: 62/67 MP: 16/16
 11167 | D:8      | Reached **** piety under Okawaru
 11413 | D:8      | Found Jovoc's Jewellery Shoppe.
 11480 | D:8      | Found Xiazaehi's General Store.
 11554 | D:8      | Found Seod's Antique Armour Boutique.
 12264 | D:9      | Reached skill level 10 in Invocations
 12427 | D:9      | Reached ***** piety under Okawaru
 12436 | D:9      | Reached skill level 12 in Maces & Flails
 12467 | D:9      | Received a gift from Okawaru
 12618 | D:10     | Entered Level 10 of the Dungeon
 12884 | D:9      | You pick up a book of the Dryads and begin reading...
 12884 | D:9      | You add the spells Summon Forest, Summon Mana Viper and
                  | Shadow Creatures to your library.
 13085 | D:9      | Paralysed by a hornet for 2 turns
 13391 | D:9      | Identified the +0 leather armour of Thoughtfulness {rElec
                  | Dex+6}
 13544 | D:9      | Noticed a two-headed ogre
 13558 | D:9      | Killed a two-headed ogre
 13559 | D:9      | Reached skill level 13 in Maces & Flails
 14021 | D:9      | Reached XP level 11. HP: 64/72 MP: 18/18
 14210 | D:11     | You pick up a book of Transfigurations {@e2} and begin
                  | reading...
 14210 | D:11     | You add the spells Irradiate and Blade Hands to your
                  | library.
 14910 | D:10     | Found a staircase to the Lair.
 15080 | D:10     | Found a staircase to the Orcish Mines.
 15109 | D:10     | HP: 15/72 [gargoyle (10)]
 15444 | D:10     | Reached skill level 14 in Maces & Flails
 15715 | D:12     | Noticed a two-headed ogre
 15726 | D:11     | Killed a two-headed ogre
 15766 | D:11     | HP: 12/72 [manticore/volley of spikes (22)]
 15846 | Orc:1    | Entered Level 1 of the Orcish Mines
 15848 | Orc:1    | Noticed an orc sorcerer
 15857 | Orc:1    | Noticed an orc knight
 15977 | D:9      | Killed an orc knight
 15977 | D:9      | Received a gift from Okawaru
 16036 | D:10     | Noticed a two-headed ogre
 16045 | D:10     | Killed a two-headed ogre
 16116 | Orc:1    | Paralysed by an orc sorcerer for 7 turns
 16132 | D:10     | Killed an orc sorcerer
 16210 | Orc:1    | Reached skill level 15 in Maces & Flails
 16339 | Orc:1    | Identified a +0 robe of the Archmagi
 16339 | Orc:1    | Noticed Nergalle
 16354 | Orc:1    | Killed Nergalle
 16498 | Orc:1    | Noticed an orc knight
 16523 | Orc:1    | Killed an orc knight
 16643 | Orc:1    | Noticed an orc knight
 16686 | Orc:1    | Killed an orc knight
 16687 | Orc:1    | Gained mutation: Spells you cast may paralyse adjacent
                  | enemies. [demonic ancestry]
 16687 | Orc:1    | Reached XP level 12. HP: 61/78 MP: 13/19
 17033 | D:5      | Bought the +9 morningstar "Pon Jico" {speed, rF+} for 994
                  | gold pieces
 17168 | Lair:1   | Entered Level 1 of the Lair of Beasts
 17211 | Lair:1   | You pick up a book of Callings and begin reading...
 17211 | Lair:1   | You add the spells Summon Small Mammal, Call Canine
                  | Familiar and Summon Guardian Golem to your library.
 17220 | Lair:1   | Noticed Grum
 17236 | Lair:1   | Killed Grum
 17268 | Lair:1   | Identified the +10 morningstar of Aqosekyc {elec, rElec
                  | SInv} (Okawaru gifted it to you on level 1 of the Lair of
                  | Beasts)
 17268 | Lair:1   | Received a gift from Okawaru
 17490 | Lair:1   | You pick up a book of Fire and begin reading...
 17490 | Lair:1   | You add the spells Fireball, Starburst and Ignition to your
                  | library.
 17910 | Lair:1   | Found a shimmering altar of Xom.
 18073 | Lair:2   | Noticed a six-headed hydra
 18082 | Lair:1   | Killed a six-headed hydra
 18083 | Lair:1   | Reached skill level 16 in Maces & Flails
 18083 | Lair:1   | Reached skill level 1 in Armour
 18083 | Lair:1   | Reached skill level 3 in Dodging
 18414 | Lair:2   | Noticed a six-headed hydra
 18425 | Lair:2   | Killed a six-headed hydra
 18426 | Lair:2   | Reached skill level 2 in Armour
 18469 | Lair:2   | Reached skill level 3 in Fighting
 18582 | Lair:2   | Reached skill level 4 in Dodging
 18587 | Lair:2   | Reached ****** piety under Okawaru
 18595 | Lair:2   | Reached skill level 3 in Armour
 18608 | Lair:2   | HP: 19/83 [cane toad (21)]
 18613 | Lair:2   | Reached skill level 4 in Fighting
 18838 | Lair:2   | You pick up a book of the Moon and begin reading...
 18838 | Lair:2   | You add the spells Passage of Golubria, Silence and
                  | Lehudib's Crystal Spear to your library.
 19219 | Lair:3   | Identified a scroll of acquirement
 19219 | Lair:3   | Acquired 539 gold pieces
 19502 | D:4      | Bought the amulet of the Marlin {Reflect Will+ SH+5} for
                  | 511 gold pieces
 19894 | Lair:4   | Noticed a death yak
 19894 | Lair:4   | Noticed a death yak
 19894 | Lair:4   | Noticed a death yak
 19894 | Lair:4   | Noticed a death yak
 19894 | Lair:4   | Noticed a death yak
 19907 | Lair:3   | Killed a death yak
 19907 | Lair:3   | Received a gift from Okawaru
 19983 | Lair:3   | Reached skill level 5 in Dodging
 20047 | Lair:3   | Reached skill level 4 in Armour
 20103 | Lair:3   | Found a staircase to the Shoals.
 20109 | Lair:3   | You pick up a book of Sloth and begin reading...
 20109 | Lair:3   | You add the spells Petrify, Metabolic Englaciation and
                  | Statue Form to your library.
 20427 | Lair:3   | Reached skill level 5 in Fighting
 20564 | Lair:3   | Killed a death yak
 20565 | Lair:3   | Reached skill level 5 in Shields
 20565 | Lair:3   | Gained mutation: You are completely covered in razor-sharp
                  | scales. (AC +3, Slay +3) [demonic ancestry]
 20565 | Lair:3   | Reached XP level 13. HP: 80/91 MP: 20/20
 20898 | Lair:4   | Identified the +4 morningstar "Ukorch" {holy, rElec Int+3}
 21035 | Lair:4   | Received a gift from Okawaru
 21036 | Lair:4   | Reached skill level 5 in Armour
 21044 | Lair:4   | Reached skill level 6 in Shields
 21172 | Lair:4   | Reached skill level 6 in Dodging
 21207 | Lair:4   | You pick up a book of Ice and begin reading...
 21207 | Lair:4   | You add the spells Freezing Cloud, Simulacrum and Polar
                  | Vortex to your library.
 21212 | Lair:4   | Identified the +1 ring mail "Plog" {rElec rPois rCorr
                  | Str-4}
 21439 | Lair:4   | Identified the +1 leather armour of the Game of Life {rF+
                  | Dex+3}
 21616 | Lair:4   | Found a hole to the Spider Nest.
 21635 | Lair:4   | Reached skill level 6 in Fighting
 22050 | Lair:4   | Reached skill level 7 in Shields
 22356 | Lair:6   | Entered Level 6 of the Lair of Beasts
 22742 | Lair:5   | You add the spells Ignite Poison, Mephitic Cloud and Bolt
                  | of Magma to your library.
 22757 | Lair:5   | Reached skill level 6 in Armour
 23037 | Lair:5   | magus.rc [v1.9.6]
 23154 | Lair:6   | Received a gift from Okawaru
 23195 | Lair:6   | Reached skill level 7 in Fighting
 23284 | Lair:5   | Reached skill level 7 in Dodging
 23284 | Lair:5   | Reached skill level 8 in Shields
 23374 | Lair:6   | Reached XP level 14. HP: 103/103 MP: 21/21
 23493 | Lair:6   | You add the spells Lee's Rapid Deconstruction and
                  | Necromutation to your library.
 23493 | Lair:6   | Got Onnia's Grimoire of the Shifting Rocks
 23905 | D:5      | Bought the +8 chain mail of the Bard {rN+ rCorr} for 858
                  | gold pieces
 24724 | Lair:6   | Reached skill level 9 in Shields
 24921 | Lair:6   | Reached skill level 7 in Armour
 24965 | Lair:6   | Identified the +6 eveningstar of the Hungering Moth
                  | {vorpal, rCorr} (Okawaru gifted it to you on level 6 of the
                  | Lair of Beasts)
 24965 | Lair:6   | Received a gift from Okawaru
 25011 | Lair:6   | L - the +6 eveningstar of the Hungering Moth {vorpal,
                  | rCorr, macerare=g}
 25040 | Lair:5   | You drop the +6 eveningstar of the Hungering Moth {vorpal,
                  | rCorr, macerare=g}.
 25075 | Lair:6   | Reached skill level 8 in Fighting
 25121 | Lair:6   | Found a staircase to the Slime Pits.
 25121 | Lair:6   | Found a viscous altar of Jiyva.
 25762 | Orc:2    | Entered Level 2 of the Orcish Mines
 26449 | Orc:1    | Reached skill level 8 in Dodging
 26626 | Orc:2    | Noticed a stone giant
 26823 | Orc:2    | Identified the +10 lajatang "Jonusev" {flame, rElec Will-
                  | Stlth+} (Okawaru gifted it to you on level 2 of the Orcish
                  | Mines)
 26823 | Orc:2    | Received a gift from Okawaru
 26835 | Orc:1    | Killed a stone giant
 26996 | Orc:2    | Reached skill level 10 in Shields
 27091 | Orc:2    | Found Lutret's Antique Weapon Shop.
 27153 | Orc:2    | Found a staircase to the Elven Halls.
 27158 | Orc:2    | Found Wuaheit's Weapon Shoppe.
 27319 | Orc:1    | Noticed Erica
 27411 | Orc:2    | Found Tesueheno's Antique Armour Boutique.
 27581 | Orc:2    | Killed Erica
 27861 | Orc:2    | Found Wupri's Book Shop.
 28083 | Orc:2    | Found Oghe's General Store.
 28254 | D:8      | Bought the ring "Jiwuerucs" {rPois rC+ Str+7 Dex+3} for 770
                  | gold pieces
 28730 | D:11     | Received a gift from Okawaru
 28771 | D:11     | You pick up a book of the Tundra and begin reading...
 28771 | D:11     | You add the spells Hailstorm and Ice Form to your library.
 28797 | D:11     | o - a +0 eveningstar of pain {macerare=g}
 28806 | D:10     | You drop a +0 eveningstar of pain {macerare=g}.
 28992 | D:11     | Acquired 1077 gold pieces
 29138 | D:11     | Found Ysmop's Armour Boutique.
 29468 | D:12     | Noticed Maurice
 29468 | D:12     | Noticed Rupert
 29480 | D:12     | Killed Maurice
 29498 | D:12     | HP: 24/106 [Rupert (8)]
 29499 | D:12     | Killed Rupert
 29500 | D:12     | Reached skill level 9 in Fighting
 29500 | D:12     | Reached skill level 8 in Armour
 29500 | D:12     | Gained mutation: You have razor-sharp toenails. [demonic
                  | ancestry]
 29500 | D:12     | Reached XP level 15. HP: 25/113 MP: 15/22
 29501 | D:12     | o - a +4 vorpal executioner's axe {axerare=g}
 29535 | D:11     | You drop a +4 vorpal executioner's axe {axerare=g}.
 30138 | D:13     | Found a flagged portal.
 30151 | Bailey   | Entered a bailey
 30435 | D:13     | Received a gift from Okawaru
 30460 | D:12     | Reached skill level 11 in Shields
 30484 | D:12     | Reached skill level 9 in Dodging
 30713 | D:12     | Acquired 540 gold pieces
 30830 | D:8      | Bought a scroll of enchant armour for 82 gold pieces
 30927 | D:6      | Bought a scroll of enchant armour for 97 gold pieces
 31050 | D:8      | Bought a +4 ring of slaying for 858 gold pieces
 31096 | D:10     | A - a +0 eveningstar of pain {macerare=g}
 31100 | D:10     | You drop a +0 eveningstar of pain {macerare=g}.
 31137 | D:11     | A - a +4 vorpal executioner's axe {axerare=g}
 31138 | D:11     | You drop a +4 vorpal executioner's axe {axerare=g}.
 31191 | D:12     | You pick up a book of Changes and begin reading...
 31191 | D:12     | You add the spells Beastly Appendage, Wereblood and Spider
                  | Form to your library.
 31272 | D:12     | Received a gift from Okawaru
 31580 | D:13     | You pick up a book of Winter and begin reading...
 31711 | D:13     | You pick up a book of the Dryads and begin reading...
 32299 | D:14     | You are sucked into a shaft and drop 1 floor!
 32299 | D:15     | Entered Level 15 of the Dungeon
 32299 | D:15     | Found a staircase to the Depths.
 32725 | D:14     | HP: 27/115 [mirror damage (6)]
 32726 | D:14     | Reached skill level 9 in Armour
 33151 | D:14     | Reached skill level 10 in Fighting
 33210 | D:14     | Reached skill level 12 in Shields
 33547 | D:14     | Found a gate to the Vaults.
 34101 | D:15     | Reached XP level 16. HP: 117/122 MP: 23/23
 34972 | D:10     | r - a +0 eveningstar of pain {macerare=g}
 35087 | Spider:1 | Entered Level 1 of the Spider Nest
 35095 | Lair:4   | You drop a +0 eveningstar of pain {macerare=g}.
 35177 | Spider:1 | Received a gift from Okawaru
 35183 | Spider:1 | magus.rc [v1.9.6]
 35602 | Spider:1 | Reached skill level 10 in Dodging
 35690 | Spider:1 | Noticed Nikola
 35698 | Spider:1 | Killed from afar by Nikola

Vanquished Creatures
  Rupert (D:12)
  2 stone giants
  3 ettins
  A rakshasa (D:15)
  6 hydras
  3 boulder beetles
  2 ogre magi (D:14)
  A catoblepas (Lair:6)
  Erica (Orc:2)
  5 centaur warriors
  A death knight (D:14)
  7 tengu warriors
  11 two-headed ogres
  2 alligators (Lair:4)
  5 death yaks
  A deep elf knight (D:14)
  Nergalle (Orc:1)
  6 skeletal warriors
  5 deep elf pyromancers
  7 orc knights
  5 wolf spiders (Spider:1)
  An orb spider (Spider:1)
  An oklob plant (Lair:4)
  3 orc sorcerers
  5 ugly things
  11 cyclopes
  A deep elf zephyrmancer (D:14)
  A manticore (D:11)
  Maurice (D:12)
  3 black mambas
  16 elephants
  A merfolk siren (Lair:3)
  5 rime drakes
  3 gargoyles
  20 cane toads
  2 torpor snails (Lair:4)
  9 komodo dragons
  2 efreet (D:15)
  A queen bee (D:13)
  3 merfolk (Lair:3)
  3 jumping spiders (Spider:1)
  3 meliai (D:13)
  6 trolls
  3 tyrant leeches (Lair:6)
  16 blink frogs
  5 polar bears
  3 hornets
  Grinder (D:4)
  11 dream sheep
  3 wyverns
  14 redbacks (Spider:1)
  5 basilisks
  2 wraiths
  32 yaks
  4 tarantellas
  A fire bat (shapeshifter) (D:15)
  Eustachio (D:5)
  15 vampire mosquitoes
  4 steam dragons
  Grum (Lair:1)
  2 wargs
  15 water moccasins
  2 acid dragons
  A sky beast (D:5)
  A black bear (Lair:4)
  3 ice beasts
  3 necrophages
  36 orc warriors
  12 ogres
  10 wolves
  11 centaurs
  2 phantoms
  3 kobold brigands
  28 bullfrogs
  A wyvern zombie (D:5)
  2 gnoll sergeants
  8 scorpions
  A water moccasin skeleton (D:6)
  31 killer bees
  15 wights
  7 electric eels
  10 howler monkeys
  7 centaur zombies
  A crimson imp (D:5)
  A jelly (D:4)
  21 orc priests
  3 hounds
  5 centaur skeletons
  2 gnoll shamans
  18 hell rats
  10 orc wizards
  2 iguanas
  A killer bee zombie (D:8)
  A hound skeleton (D:5)
  A howler monkey skeleton (D:7)
  27 gnolls
  4 adders
  A shadow imp (D:8)
  3 white imps
  An ufetubus (D:4)
  An adder skeleton (D:4)
  2 worms
  7 dart slugs
  75 orcs
  12 ball pythons
  10 bats
  7 endoplasms
  8 giant cockroaches
  12 goblins
  15 hobgoblins
  2 jackals (D:2)
  15 kobolds
  5 quokkas
  2 frilled lizards (D:2)
  A quokka skeleton (D:4)
  A rat (D:3)
786 creatures vanquished.

Vanquished Creatures (collateral kills)
  A hound (D:4)
  An iguana (D:4)
2 creatures vanquished.

Vanquished Creatures (others)
  A kobold (D:11)
  7 bushes (D:14)
  A butterfly (D:14)
  101 fungi
  148 plants
258 creatures vanquished.

Grand Total: 1046 creatures vanquished

Table legend:
 A = Non-vault XP
 B = Vault XP
 C = Vault XP percentage of total XP
 D = Non-vault monster count
 E = Vault monster count
 F = Vault count percentage of total count
                 A         B        C        D         E       F
            +---------+---------+-------+---------+---------+-------
      Total |  102439 |   61074 |  37.4 |     546 |     242 |  30.7
            +---------+---------+-------+---------+---------+-------
        D:1 |      62 |       9 |  12.7 |      29 |       4 |  12.1
        D:2 |      58 |       0 |   0.0 |      19 |       0 |   0.0
        D:3 |     203 |       0 |   0.0 |      26 |       0 |   0.0
        D:4 |     668 |     286 |  30.0 |      26 |       1 |   3.7
        D:5 |     973 |     196 |  16.8 |      15 |       3 |  16.7
        D:6 |    1025 |       0 |   0.0 |      19 |       0 |   0.0
        D:7 |    1685 |       0 |   0.0 |      29 |       0 |   0.0
        D:8 |    1284 |     143 |  10.0 |      13 |       3 |  18.8
        D:9 |    4272 |    1799 |  29.6 |      40 |      13 |  24.5
       D:10 |    3893 |    1181 |  23.3 |      26 |       7 |  21.2
       D:11 |    3438 |    1275 |  27.1 |      17 |       2 |  10.5
       D:12 |    5782 |    3744 |  39.3 |      21 |       2 |   8.7
       D:13 |    8776 |    2583 |  22.7 |      20 |      30 |  60.0
       D:14 |   14233 |    8634 |  37.8 |      22 |      17 |  43.6
       D:15 |    6271 |    3164 |  33.5 |      14 |       3 |  17.6
     Lair:1 |    2843 |     891 |  23.9 |      12 |       7 |  36.8
     Lair:2 |    5295 |     635 |  10.7 |      12 |       8 |  40.0
     Lair:3 |    5915 |    1515 |  20.4 |      12 |       5 |  29.4
     Lair:4 |    3154 |   10722 |  77.3 |      22 |      36 |  62.1
     Lair:5 |    5577 |    1558 |  21.8 |      17 |       7 |  29.2
     Lair:6 |   12686 |    8688 |  40.6 |      44 |      38 |  46.3
   Spider:1 |    7302 |     800 |   9.9 |      24 |       2 |   7.7
   Spider:2 |     197 |       0 |   0.0 |       1 |       0 |   0.0
      Orc:1 |    5354 |    5402 |  50.2 |      47 |      26 |  35.6
      Orc:2 |    1493 |    6216 |  80.6 |      19 |      10 |  34.5
     Bailey |       0 |    1633 | 100.0 |       0 |      18 | 100.0
            +---------+---------+-------+---------+---------+-------

Illustrated notes

Table legend:
 A = Kills in this place as a percentage of kills in entire the game.
 B = Kills by you in this place as a percentage of kills by you in the entire game.
 C = Kills by friends in this place as a percentage of kills by friends in the entire game.
 D = Other kills in this place as a percentage of other kills in the entire game.
 E = Experience gained in this place as a percentage of experience gained in the entire game.
 F = Experience gained in this place divided by the number of levels of this place that you have seen.
                   A       B       C       D       E      F
               +-------+-------+-------+-------+-------+----------------------
         Total | 100.0 | 100.0 | 100.0 |   N/A | 100.0 | 6056.0
       Dungeon |  53.4 |  53.3 | 100.0 |   N/A |  46.3 | 5042.5
          Lair |  27.9 |  28.0 |   0.0 |   N/A |  36.4 | 9913.2
   Spider Nest |   3.4 |   3.4 |   0.0 |   N/A |   5.1 | 4149.5
  Orcish Mines |  12.9 |  13.0 |   0.0 |   N/A |  11.3 | 9232.5
        Bailey |   2.3 |   2.3 |   0.0 |   N/A |   1.0 | 1633.0
               +-------+-------+-------+-------+-------+----------------------

Table legend: (Time is in decaauts)
 A = Elapsed time spent in this place.
 B = Non-inter-level travel time spent in this place.
 C = Inter-level travel time spent in this place.
 D = Time resting spent in this place.
 E = Time spent auto-exploring this place.
 F = Levels seen in this place.
 G = Mean time per level.
                   A        B        C        D        E       F      G
               +--------+--------+--------+--------+--------+-----+--------+
         Total |  34957 |  30931 |   4026 |   6875 |  17918 |  27 | 1294.7 |
       Dungeon |  23020 |  20349 |   2671 |   4928 |  11721 |  15 | 1534.7 |
        Temple |    148 |    106 |     42 |      0 |     90 |   1 |  148.0 |
          Lair |   7737 |   6729 |   1008 |    764 |   4492 |   6 | 1289.5 |
   Spider Nest |    511 |    478 |     33 |      0 |    338 |   2 |  255.5 |
  Orcish Mines |   3380 |   3109 |    271 |   1164 |   1277 |   2 | 1690.0 |
        Bailey |    158 |    158 |      0 |     19 |      0 |   1 |  158.0 |
               +--------+--------+--------+--------+--------+-----+--------+

Top non-repeatable levels by time:
     D:9: 2957 daAuts
     D:7: 2205 daAuts
   Orc:1: 2094 daAuts
     D:5: 1972 daAuts
  Lair:6: 1881 daAuts
     D:4: 1848 daAuts
     D:8: 1717 daAuts
    D:10: 1681 daAuts
  Lair:4: 1602 daAuts
     D:6: 1520 daAuts
    D:14: 1407 daAuts
   Orc:2: 1286 daAuts
     D:3: 1245 daAuts
     D:2: 1110 daAuts
    D:15: 1107 daAuts
